 Dungeon Crawl Stone Soup version 0.18-a0-822-gb52b7b4 (webtiles) character file.

233 Ijustatesigmund the Sneak (level 5, -4/25 HPs)
             Began as a Spriggan Warper on Dec 16, 2015.
             Slain by a sky beast (6 damage)
             ... on level 5 of the Dungeon.
             The game lasted 00:14:41 (4700 turns).

Ijustatesigmund the Sneak (Spriggan Warper)         Turns: 4700, Time: 00:14:41

Health: -4/25      AC:  2    Str:  7    XL:     5   Next: 75%
Magic:  22/22      EV: 18    Int: 15    God:
Gold:   201        SH:  0    Dex: 16    Spells: 2 memorised, 11 levels left

rFire  . . .     SeeInvis +     i - +0 rapier
rCold  . . .     Gourm    .     b - +0 robe
rNeg   . . .     Faith    .     (shield restricted)
rPois  .         Spirit   .     (helmet restricted)
rElec  .         Dismiss  .     (no cloak)
rCorr  .         Reflect  .     (gloves unavailable)
SustAt .         Harm     .     (boots unavailable)
MR     .....                    (no amulet)
Stlth  ++++......               m - ring of wizardry
                                t - ring of magical power

@: very quick, not resistant to hostile enchantments, stealthy
A: unfitting armour, see invisible, herbivore 3, speed 3, slow metabolism 2
a: no special abilities


You were on level 5 of the Dungeon.
You were not hungry.

You visited 1 branch of the dungeon, and saw 5 of its levels.

You collected 201 gold pieces.

Inventory:

Hand Weapons
 a - a +0 short sword
 i - a +0 rapier (weapon)
Missiles
 e - 4 tomahawks of dispersal (quivered)
Armour
 b - a +0 robe (worn)
 k - a +0 buckler
Jewellery
 m - a ring of wizardry (right hand)
 o - an uncursed amulet of regeneration
 t - a ring of magical power (left hand)
Scrolls
 d - a scroll of blinking
 g - 2 scrolls of recharging
 u - a scroll of fog
 v - 2 scrolls of remove curse
Potions
 j - a potion of magic
 l - a potion of resistance
 p - a potion of lignification
 q - a potion of flight {unknown}
 r - a potion of brilliance {unknown}
 s - a potion of haste {unknown}
Books
 c - a book of Spatial Translocations

   Spells                             Type                      Level
   a - Apportation                    Translocation                1
   b - Blink                          Translocation                2
   c - Shroud of Golubria             Charms/Translocation         2
   d - Portal Projectile              Translocation                3
   e - Teleport Other                 Translocation                3
   f - Passage of Golubria            Translocation                4
Comestibles
 f - 3 bread rations
 n - 3 fruits


   Skills:
 - Level 1.5 Fighting
 - Level 3.1 Short Blades
 - Level 1.0 Throwing
 - Level 3.5 Dodging
 + Level 5.9 Stealth
 + Level 5.0 Spellcasting
 - Level 4.6 Translocations


You had 11 spell levels left.
You knew the following spells:

 Your Spells              Type           Power        Failure   Level  Hunger
a - Apportation           Tloc           ###.......   1%          1    None
b - Blink                 Tloc           N/A          1%          2    ##.....


Dungeon Overview and Level Annotations

Branches:
Dungeon (5/15)
 Temple: D:4-7

Altars:
Ashenzari


Innate Abilities, Weirdness & Mutations

You are tiny and cannot use many weapons and most armour.
You have supernaturally acute eyesight.
You are a herbivore.
You cover ground extremely quickly.
You need consume almost no food.


Message History

The sky beast hits you. The sky beast shocks you.
* * * LOW HITPOINT WARNING * * *
Drink which item? (? for menu, Esc to quit)
You feel better. The sky beast barely misses you.
You barely miss the sky beast.
The sky beast is severely wounded.
The sky beast closely misses you.
You miss the sky beast.
The sky beast is severely wounded.
The sky beast misses you.
You hit the sky beast.
The sky beast is almost dead.
You are standing in the rain.
The sky beast hits you. The sky beast shocks you.
* * * LOW HITPOINT WARNING * * *
You miss the sky beast.
The sky beast is almost dead.
The sky beast hits you.
* * * LOW HITPOINT WARNING * * *
The sky beast shocks you.
You die...

#.# ####..........#
####'##### #..........#
#........# #..........#
#........# #..........#
#........# #..........###
#........# #.............
#........# #..........##.
#..(.....#####..........##.
####......@Y...............
#.#####################. #.
#. #. ##


You could see a sky beast.

Vanquished Creatures
  A giant frog (D:5)
  A hound (D:4)
  A hound zombie (D:2)
  A worker ant zombie (D:3)
  2 gnolls (D:3)
  An adder (D:2)
  A worm (D:2)
  4 adder skeletons
  2 orcs
  4 bats
  A bat skeleton (D:2)
  4 giant cockroaches
  5 hobgoblins
  3 jackals (D:3)
  10 kobolds
  2 quokkas
  3 giant newts
  3 goblins
  A quokka skeleton (D:2)
  8 rats
58 creatures vanquished.

Notes
Turn   | Place    | Note
--------------------------------------------------------------
     0 | D:1      | Ijustatesigmund the Spriggan Warper began the quest for the Orb.
     0 | D:1      | Reached XP level 1. HP: 10/10 MP: 5/5
   682 | D:1      | Reached skill level 1 in Stealth
   682 | D:1      | Reached XP level 2. HP: 14/14 MP: 6/6
   790 | D:1      | Learned a level 2 spell: Blink
  1063 | D:2      | Reached XP level 3. HP: 9/18 MP: 8/8
  2843 | D:2      | Reached XP level 4. HP: 22/22 MP: 10/10
  4125 | D:4      | Reached skill level 5 in Stealth
  4125 | D:4      | Reached XP level 5. HP: 17/25 MP: 12/12
  4396 | D:4      | Noticed an ogre
  4399 | D:4      | Found a shattered altar of Ashenzari.
  4406 | D:5      | Entered Level 5 of the Dungeon
  4640 | D:5      | Reached skill level 5 in Spellcasting
  4687 | D:5      | Noticed a sky beast
  4700 | D:5      | Slain by a sky beast

Vault maps used:
D:1:      matt_arrival_diagonals
D:2:      serial_undead, serial_undead_d, serial_undead_e, serial_undead_c,
          serial_undead_f, serial_undead_a, serial_undead_c, serial_undead_c,
          serial_undead_d
D:3:      kennysheep_generic_room_5
D:4:      lemuel_crystal_altar, first_bread, guppyfry_early_lair_pool
D:5:      kennysheep_mini_moat, nicolae_gozag_seed_capital

Action                   |  1- 3 |  4- 6 || total
-------------------------+-------+-------++-------
Melee: Short sword       |   164 |    55 ||   219
       Rapier            |       |    74 ||    74
Throw: Tomahawk          |       |     1 ||     1
 Cast: Apportation       |     3 |     1 ||     4
  Use: Scroll            |     7 |     4 ||    11
       Potion            |       |     3 ||     3
 Stab: Sleeping          |     7 |     6 ||    13
  Eat: Fruit             |       |     2 ||     2
